 Dungeon Crawl Stone Soup version 0.28-a0-704-g4d584c6bc1 (webtiles) character file.

Game seed: 10914949666835232650

107 Conn the Firebug (level 4, -1/27 HPs)
             Began as an Octopode Fire Elementalist on Oct 24, 2021.
             Succumbed to a scorpion's poison
             ... on level 3 of the Dungeon.
             The game lasted 00:04:29 (3006 turns).

Conn the Firebug (Octopode Fire Elementalist)       Turns: 3006, Time: 00:04:29

Health: -1/27      AC:  1    Str:  7    XL:     4   Next: 85%
Magic:  3/8        EV: 13    Int: 18    God:
Gold:   70         SH:  0    Dex: 12    Spells: 1/8 levels left

rFire   . . .      SeeInvis +   c - +0 short sword
rCold   . . .      Faith    .   (no shield)
rNeg    . . .      Spirit   .   (helmet restricted)
rPois   .          Reflect  .   (no amulet)
rElec   .          Harm     .   e - ring of see invisible
rCorr   .          Rampage  .   (no ring)
Will    .....                   (no ring)
Stlth   +++.......              (no ring)
HPRegen 0.09/turn               (no ring)
MPRegen 0.11/turn               (no ring)
                                (no ring)
                                (no ring)

@: lethally poisoned (-1 -> -17), attractive
A: almost no armour, amphibious, 8 rings, camouflage 1, gelatinous body 1,
(nimble swimmer 1), tentacles
a: no special abilities


You were on level 3 of the Dungeon.
You visited 1 branch of the dungeon, and saw 3 of its levels.

You collected 70 gold pieces.

Inventory:

Hand Weapons
 c - a +0 short sword (weapon)
Magical Staves
 h - a staff of poison
Jewellery
 e - a ring of see invisible (left tentacle)
Wands
 m - a wand of digging (5)
Scrolls
 a - 3 scrolls of teleportation {unknown}
 d - a scroll of identify {unknown}
 f - a scroll of enchant weapon {unknown}
 j - a scroll of silence {unknown}
 l - a scroll of immolation {unknown}
Potions
 b - a potion of cancellation {unknown}
 g - a potion of attraction
 i - a potion of curing {unknown}
 k - a potion of degeneration {unknown}


   Skills:
 + Level 0.2 Fighting
 + Level 0.3 Short Blades
 + Level 2.3 Dodging
 + Level 3.4 Stealth
 + Level 2.6 Spellcasting
 + Level 1.8 Conjurations
 + Level 4.1 Fire Magic


You had one spell level left.
You knew the following spells:

 Your Spells              Type           Power      Damage    Failure   Level
a - Foxfire               Conj/Fire      52%        2x1d6     4%          1
b - Conjure Flame         Conj/Fire      13%        6-21      16%         3
c - Inner Flame           Hex/Fire       9%         N/A       22%         3

Your spell library contained the following spells:

 Spells                   Type           Power      Damage    Failure   Level
 Scorch                   Fire           34%        2d6       4%          2
 Flame Wave               Conj/Fire      13%        3d5       45%         4


Dungeon Overview and Level Annotations

Branches:
Dungeon (3/15)

Altars:

Annotations:
D:3 Robin


Innate Abilities, Weirdness & Mutations

You cannot wear most types of armour.
You are amphibious.
You can wear up to eight rings at the same time.
Your skin changes colour to match your surroundings (Stealth+).
Your rubbery body absorbs attacks. (AC +1, EV +1)
((You are camouflaged near water. (Stealth+)))
You have tentacles for arms and can constrict up to eight enemies at once.


Message History

Press: ? - help, Dir - move target, f - scorpion
Aim: a scorpion (chance to affect: 56%)
The scorpion is filled with an inner flame.
The scorpion stings you.
You are poisoned.
The scorpion poisons you!
Casting: Inner Flame (extremely dangerous; 22% risk of failure)
Confirm with . or Enter, or press ? or * to list all spells.
You conjure some foxfire!
You feel very sick. The scorpion stings you! The scorpion closely misses you.
Unknown command.
You feel very sick.
The foxfire hits the scorpion.
Flame seeps out of the scorpion.
The scorpion is moderately wounded.
The foxfire hits the scorpion.
Flame seeps out of the scorpion.
The scorpion is moderately wounded.
The scorpion is engulfed in blazing flames.
Flame seeps out of the scorpion.
Okay, then.
Casting: Foxfire (safe; 4% risk of failure)
Confirm with . or Enter, or press ? or * to list all spells.
You conjure some foxfire!
* * * LOW HITPOINT WARNING * * *
You feel sick.
The adder hisses angrily.
The scorpion stings you.
* * * LOW HITPOINT WARNING * * *
You are more poisoned.
The scorpion poisons you!
* * * LOW HITPOINT WARNING * * *
You feel very sick.
The foxfire hits the scorpion but does no damage.
The scorpion is almost dead.
The foxfire hits the scorpion but does no damage.
The scorpion is almost dead.
Unknown command.
It was a potion of attraction.
You feel attractive to monsters.
You die...

#$..... #.. #.....# #.< .....#
#.. ....# ### .S. ##########'#
#..........# #........s.#
##### . #........@.# #...# ..
#.........## #...# ...
#.........# #...# ....
#.........# #.<.# ..(..
####.#########...#
#..........##...# )#
#..........##...# .##
######..........##...###..####
#..............####'###......#


You could see a scorpion (inner flame) and an adder.

Vanquished Creatures
  Terence (D:3)
  3 adders
  3 worms (D:2)
  7 ball pythons
  5 endoplasms
  4 goblins
  7 hobgoblins
  A quokka (D:3)
  2 bats
  7 kobolds
  4 rats
44 creatures vanquished.

Vanquished Creatures (others)
  147 foxfires
147 creatures vanquished.

Grand Total: 191 creatures vanquished

Notes
Turn   | Place    | Note
-------+----------+-------------------------------------------
     0 | D:1      | Conn the Octopode Fire Elementalist began the quest for the
                  | Orb.
     0 | D:1      | Reached XP level 1. HP: 11/11 MP: 3/3
   262 | D:1      | Reached XP level 2. HP: 17/17 MP: 1/5
  1128 | D:2      | Reached XP level 3. HP: 13/21 MP: 4/6
  1879 | D:2      | Found a faded altar of an unknown god.
  2341 | D:2      | Reached XP level 4. HP: 27/27 MP: 4/7
  2419 | D:3      | Noticed Robin
  2577 | D:2      | Learned a level 3 spell: Conjure Flame
  2581 | D:2      | Learned a level 3 spell: Inner Flame
  2665 | D:3      | Reached skill level 4 in Fire Magic
  2868 | D:3      | Noticed Terence
  2886 | D:3      | Killed Terence
  2975 | D:3      | Noticed a scorpion
  3006 | D:3      | Succumbed to a scorpion's poison

Illustrated notes

Levels and vault maps discovered:
D:1:      ncdulo_wetmaze, layout_basic, serial_forest,
          infiniplex_forest_lined_2, infiniplex_forest_corner_1,
          infiniplex_forest_straight_1, infiniplex_forest_end_2,
          infiniplex_forest_clump_diagonal, infiniplex_forest_clump_double
D:2:      layout_loops_corners, hellmonk_ecumenical_altar_zigzags,
          minmay_quantized
D:3:      layout_basic, uniq_terence, uniq_robin

Skill      XL: |  1  2  3  4 |
---------------+-------------+-----
Stealth        | 3 |  3.4
Fire Magic     | 4 |  4.1
Fighting       | |  0.2
Short Blades   | |  0.3
Dodging        | |  2.3
Spellcasting   | |  2.6
Conjurations   | |  1.8

Action                   |  1- 3 |  4- 6 || total
-------------------------+-------+-------++-------
Melee: Unarmed           |     2 |       ||     2
       Short sword       |    16 |     9 ||    25
       Constrict         |     6 |     4 ||    10
       Tentacles         |     2 |     4 ||     6
       Staff             |       |    12 ||    12
 Cast: Foxfire           |    67 |    23 ||    90
       Inner Flame       |       |     1 ||     1
  Use: Potion            |       |     1 ||     1
 Stab: Sleeping          |     3 |     1 ||     4
Armor: Skin              |     4 |     2 ||     6
Dodge: Dodged            |    12 |    18 ||    30

Table legend: (Time is in decaauts)
 A = Elapsed time spent in this place.
 B = Non-inter-level travel time spent in this place.
 C = Inter-level travel time spent in this place.
 D = Time resting spent in this place.
 E = Time spent auto-exploring this place.
 F = Levels seen in this place.
 G = Mean time per level.
                   A        B        C        D        E       F      G
               +--------+--------+--------+--------+--------+-----+--------+
         Total |   3009 |   2980 |     29 |    141 |   2246 |   3 | 1003.0 |
       Dungeon |   3009 |   2980 |     29 |    141 |   2246 |   3 | 1003.0 |
               +--------+--------+--------+--------+--------+-----+--------+

Top non-repeatable levels by time:
     D:2: 1686 daAuts
     D:1: 946 daAuts
     D:3: 376 daAuts
